 Seeded DCSS version 0.29.1-15-g9cfb28693d (webtiles) character file.

Game seed: 73 (custom seed)

330 Psyclone the Conjurer (level 6, -1/32 HPs)
             Began as a Deep Elf Conjurer on Sept 24, 2023.
             Slain by an ogre
             ... wielding a +0 giant club
              (30 damage)
             ... on level 3 of the Dungeon.
             The game lasted 00:03:08 (3142 turns).

Psyclone the Conjurer (Deep Elf Conjurer)           Turns: 3142, Time: 00:03:09

Health: -1/32      AC:  2    Str:  4    XL:     6   Next: 26%
Magic:  10/17      EV: 12    Int: 25    God:
Gold:   119        SH:  0    Dex: 13    Spells: 15/18 levels left

rFire   . . .      SeeInvis .   (no weapon)
rCold   . . .      Faith    .   (no shield)
rNeg    . . .      Spirit   .   a - +0 robe
rPois   .          Reflect  .   (no helmet)
rElec   .          Harm     .   (no cloak)
rCorr   .          Rampage  .   (no gloves)
Will    .....                   (no boots)
Stlth   ++........              (no amulet)
HPRegen 0.10/turn               (no ring)
MPRegen 0.15/turn               (no ring)

@: no status effects
A: no striking features
a: no special abilities


You were on level 3 of the Dungeon.
You visited 1 branch of the dungeon, and saw 3 of its levels.

You collected 119 gold pieces.

Inventory:

Missiles
 h - 2 throwing nets {!f}
Armour
 a - a +0 robe (worn)
Scrolls
 f - a scroll of blinking
 i - a scroll of fog
 j - a scroll of enchant armour
Potions
 b - a potion of magic
 c - 5 potions of brilliance
 d - a potion of flight
 e - a potion of haste {unknown}
 g - a potion of curing {unknown}


   Skills:
 - Level 2.4 Dodging
 - Level 2.4 Stealth
 + Level 6.6 Spellcasting
 + Level 6.6 Conjurations


You had 15 spell levels left.
You knew the following spells:

 Your Spells              Type           Power      Damage    Failure   Level
a - Magic Dart            Conj           100%       1d8       1%          1
b - Searing Ray           Conj           82%        2d7       1%          2

Your spell library contained the following spells:

 Spells                   Type           Power      Damage    Failure   Level
 Dazzling Flash           Conj/Hex       48%        N/A       5%          3
 Fulminant Prism          Conj/Hex       12%        3d9       19%         4
 Iskenderun's Mystic Bla  Conj/Tloc      24%        2d7       19%         4


Dungeon Overview and Level Annotations

Branches:
Dungeon (3/15) Zot: 14857

Altars:
Nemelex Xobeh


Message History

Casting: Magic Dart (safe; 1% risk of failure)
Confirm with . or Enter, or press ? or * to list all spells.
Aiming: Magic Dart (safe; 1% risk of failure)
Press: ? - help, Shift-Dir - straight line, f/p - hobgoblin
Aim: a hobgoblin (almost dead, 100% to hit)
The magic dart hits the hobgoblin.
You kill the hobgoblin!
You now have 13/17 mp.
Casting: Magic Dart (safe; 1% risk of failure)
Confirm with . or Enter, or press ? or * to list all spells.
Aiming: Magic Dart (safe; 1% risk of failure)
Press: ? - help, Shift-Dir - straight line, f - ogre
Aim: an ogre, wielding a +0 giant club (100% to hit)
The magic dart hits the ogre.
The ogre is lightly wounded.
You now have 12/17 mp.
Casting: Magic Dart (safe; 1% risk of failure)
Confirm with . or Enter, or press ? or * to list all spells.
Aiming: Magic Dart (safe; 1% risk of failure)
Press: ? - help, Shift-Dir - straight line, f/p - ogre
Aim: an ogre, wielding a +0 giant club (lightly wounded, 100% to hit)
The magic dart hits the ogre.
The ogre is moderately wounded.
Casting: Magic Dart (safe; 1% risk of failure)
Confirm with . or Enter, or press ? or * to list all spells.
Aiming: Magic Dart (safe; 1% risk of failure)
Press: ? - help, Shift-Dir - straight line, p - ogre You can't see that place.
Okay, then.
Casting: Magic Dart (safe; 1% risk of failure)
Confirm with . or Enter, or press ? or * to list all spells.
Aiming: Searing Ray (safe; 1% risk of failure)
Press: ? - help, Shift-Dir - straight line, f/p - ogre
Aim: an ogre, wielding a +0 giant club (lightly wounded, 91% to hit)
The searing ray hits the ogre!
The ogre is heavily wounded. (Press . to maintain the ray.)
The ogre hits you with a +0 giant club!!
Ouch! That really hurt!
You die...

# . ## . ## #
#.###### ##
#....O.# #. #@# #.
#.# #.
#.###############.
#.................
##################


You could see an ogre.

Vanquished Creatures
  Sigmund (D:3)
  9 gnolls
  4 adders
  2 worms
  2 dart slugs
  An orc (D:3)
  5 ball pythons
  3 endoplasms
  2 giant cockroaches
  3 goblins
  4 hobgoblins
  3 kobolds
  4 quokkas
  5 bats
  4 frilled lizards
  4 rats
56 creatures vanquished.

Notes
Turn   | Place    | Note
-------+----------+-------------------------------------------
     0 | D:1      | Psyclone the Deep Elf Conjurer began the quest for the Orb.
     0 | D:1      | Reached XP level 1. HP: 10/10 MP: 6/6
   313 | D:1      | Found a faded altar of an unknown god.
   384 | D:1      | Reached XP level 2. HP: 15/15 MP: 5/8
   387 | D:1      | Learned a level 2 spell: Searing Ray
  1196 | D:2      | Reached skill level 5 in Conjurations
  1196 | D:2      | Reached XP level 3. HP: 19/19 MP: 4/10
  1501 | D:2      | Reached XP level 4. HP: 11/24 MP: 2/12
  2324 | D:3      | Reached skill level 5 in Spellcasting
  2499 | D:3      | Found a sparkling altar of Nemelex Xobeh.
  2683 | D:3      | Reached XP level 5. HP: 28/28 MP: 9/14
  2973 | D:3      | Noticed Sigmund
  2976 | D:3      | Killed Sigmund
  2977 | D:3      | Reached XP level 6. HP: 32/32 MP: 11/17
  3142 | D:3      | Slain by an ogre

Illustrated notes

Levels and vault maps discovered:
D:1:      mrwooster_arrival_statue_2, layout_loops_ring,
          shapermc_ecumenical_altar_mp_ritualfount
D:2:      layout_basic, moated_statue
D:3:      layout_loops_ring, mainiacjoe_overflow_24_doors, uniq_sigmund

Skill      XL: |  1  2  3  4  5 |
---------------+----------------+-----
Spellcasting   | 4 5 6 |  6.6
Conjurations   | 5 6 |  6.6
Dodging        | |  2.4
Stealth        | |  2.4

Action                   |  1- 3 |  4- 6 || total
-------------------------+-------+-------++-------
 Cast: Magic Dart        |    54 |    57 ||   111
       Searing Ray       |     3 |     7 ||    10
  Use: Scroll            |     3 |     2 ||     5
       Potion            |     3 |     1 ||     4
Armor: Robe              |       |     1 ||     1
Dodge: Dodged            |     2 |     7 ||     9
